 Dungeon Crawl Stone Soup version 0.31-a0-859-g9dce7d3444 (webtiles) character file.

Game seed: 4127480308359208628

6421 redmage the Nimble (level 10, -10/72 HPs)
             Began as an Octopode Shapeshifter on Oct 10, 2023.
             Was an Initiate of Gozag.
             Mangled by a polar bear (24 damage)
             ... on level 1 of the Lair of Beasts.
             The game lasted 00:45:08 (9572 turns).

redmage the Nimble (Octopode Shapeshifter)          Turns: 9572, Time: 00:45:10

Health: -10/72     AC:  1    Str: 24    XL:     10   Next: 98%
Magic:  19/19      EV: 17    Int: 12    God:    Gozag
Gold:   323        SH:  0    Dex: 15    Spells: 8/9 levels left

rFire   . .          .
                       - Unarmed
rCold   . . .        (no shield)
rNeg    . . .        s - melded +1 hat
rPois   .            y - amulet of magic regeneration
rElec   .            k - ring "Xasinkus" {MP+9 Str+3 Slay+2}
rCorr   +            i - +6 ring of strength
SInv    .            r - ring of resist corrosion
Will    .....        (no ring)
Stlth   ++++         (no ring)
HPRegen 0.32/turn    (no ring)
MPRegen 0.56/turn    (no ring)
                     (no ring)

%: no passive effects
@: beast-form, gold aura
A: beast (slay +4), almost no armour, amphibious, 8 rings, camouflage 1,
gelatinous body 1, (nimble swimmer 1), tentacles
a: Begin Untransformation, Renounce Religion, Potion Petition, Call Merchant,
Bribe Branch


You were on level 1 of the Lair of Beasts.
You worshipped Gozag.
Gozag was aware of your devotion.
You were a hulking beast.
You visited 3 branches of the dungeon, and saw 11 of its levels.

You collected 1062 gold pieces.
You spent 105 gold pieces at shops.
You paid 634 gold pieces to Gozag.

Inventory:

Hand Weapons
 c - the +9 staff of Olgreb {rPois∞}
   (You took it off an orc on level 6 of the Dungeon)

   Radiate:   It can be activated via the 'a'bility menu to radiate toxic
   energy, with effectiveness depending on Evocations skill.
   Pois:      It enhances your poison magic.
   rPois∞: It grants immunity to poison.
Missiles
 e - 11 poisoned darts (quivered)
 n - 6 boomerangs
 q - a throwing net
Armour
 s - a +1 hat (melded)
Jewellery
 i - a +6 ring of strength (right tentacle)
 k - the ring "Xasinkus" (left tentacle) {MP+9 Str+3 Slay+2}
   (You found it on level 2 of the Dungeon)

   [ring of magical power]

   Str+3:     It affects your strength (+3).
   Slay+2:    It affects your accuracy & damage with ranged weapons and melee
   (+2).
   MP+9:      It affects your magic capacity (+9).
 r - a ring of resist corrosion (on tentacle)
 y - an amulet of magic regeneration (around mantle)
 z - a ring of magical power
 E - an amulet of reflection
Talismans
 b - a beast talisman (active)
Wands
 t - a wand of mindburst (5)
 x - a wand of acid (11)
 C - a wand of polymorph (6)
Scrolls
 g - 4 scrolls of teleportation
 h - 2 scrolls of enchant armour
 v - a scroll of blinking
 w - a scroll of enchant weapon
 A - a scroll of poison
 B - a scroll of amnesia
 D - a scroll of identify
Potions
 a - 4 potions of lignification
 d - 5 potions of might
 f - a potion of magic
 j - 2 potions of berserk rage
 l - 3 potions of heal wounds
 m - 3 potions of curing
 o - a potion of cancellation
 p - 2 potions of attraction
 u - a potion of haste


   Skills:
 + Level 7.8 Fighting
 + Level 8.7 Dodging
 - Level 6.0 Stealth
 + Level 8.6 Unarmed Combat
 + Level 1.7 Translocations
 - Level 7.0 Shapeshifting


You had 8 spell levels left.
You knew the following spells:

 Your Spells              Type           Power      Damage    Failure   Level
a - Apportation           Tloc           8%         N/A       17%         1

Your spell library contained the following spells:

 Spells                   Type           Power      Damage    Failure   Level
 Magic Dart               Conj           0%         1d3       32%         1
 Shock                    Conj/Air       0%         1d3       32%         1
 Summon Small Mammal      Summ           0%         N/A       32%         1
 Call Imp                 Summ           0%         N/A       45%         2
 Ensorcelled Hibernation  Hex/Ice        0%         N/A       45%         2
 Jinxbite                 Hex            0%         N/A       45%         2
 Gell's Gravitas          Tloc           4%         N/A       45%         3
 Teleport Other           Tloc           4%         N/A       45%         3
 Call Canine Familiar     Summ           0%         N/A       69%         3
 Mephitic Cloud           Conj/Pois/Air  0%         N/A       69%         3
 Summon Guardian Golem    Hex/Summ       0%         N/A       69%         3
 Swiftness                Air            0%         N/A       69%         3
 Tukima's Dance           Hex            0%         N/A       69%         3
 Dimensional Bullseye     Hex/Tloc       1%         N/A       93%         4
 Iskenderun's Mystic Bla  Conj/Tloc      2%         2d3       93%         4
 Airstrike                Air            0%         2d(0-16)  97%         4
 Anguish                  Hex/Necr       0%         N/A       97%         4
 Alistair's Intoxication  Tmut/Pois      0%         N/A       100%        5
 Dispersal                Tloc           2%         N/A       100%        6


Dungeon Overview and Level Annotations

Branches:
Dungeon (9/15)             Temple (1/1) D:7            Lair (1/5) D:8
    Orc (0/2) D:9

Altars:
Ashenzari
Cheibriados
Dithmenos
Elyvilon
Gozag
Hepliaklqana
Kikubaaqudgha
Nemelex Xobeh
Okawaru
Qazlal
Ru
Uskayaw
Vehumet
Wu Jian
Xom
Yredelemnul
Zin
The Shining One

Shops:
D:8 ?

Annotations:
D:6 1 runed translucent door, Kurtz's ghost, weakling NaDe
D:7 1 runed translucent door, Crazy Yiuf
D:8 3 runed translucent doors, hattop's ghost, novice FeSu


Innate Abilities, Weirdness & Mutations

You are a hulking beast.
Your limbs bulge with bestial killing power. (Slay +4)
You cannot wear most types of armour.
You are amphibious.
You can wear up to eight rings at the same time.
Your skin changes colour to match your surroundings (Stealth+).
Your rubbery body absorbs attacks. (AC +1, EV +1)
((You are camouflaged when in or above water. (Stealth+)))
You have tentacles for arms and can constrict up to eight enemies at once.


Message History

The poisoned dart barely misses the polar bear.
Unknown command.
Throw: 12 darts (poison)
Press: ? - help, Q - select action, (/) - cycle Shift-Dir - straight line, f/p - polar bear
Aim: a polar bear (lightly wounded, 72% to hit)
You throw a poisoned dart. The poisoned dart hits the polar bear.
The polar bear is lightly wounded.
Unknown command.
You bludgeon the polar bear!
The polar bear is moderately wounded.
The polar bear misses you. x2; The polar bear barely misses you.
You tentacle-slap the polar bear. You squeeze the polar bear!
The polar bear is severely wounded.
The polar bear bites you! The polar bear closely misses you.
The polar bear claws you.
You closely miss the polar bear.
The polar bear is severely wounded.
The polar bear barely misses you. The polar bear misses you.
The polar bear closely misses you.
You closely miss the polar bear.
The polar bear is severely wounded.
You closely miss the polar bear. You squeeze the polar bear.
The polar bear is severely wounded.
The polar bear bites you! The polar bear claws you. x2
You barely miss the polar bear.
The polar bear is severely wounded.
The polar bear goes berserk!
You tentacle-slap the polar bear.
The polar bear is almost dead.
The polar bear bites you!!
* * * LOW HITPOINT WARNING * * *
The polar bear completely misses you. The polar bear barely misses you.
Unknown command.
You feel much better. The polar bear bites you!
* * * LOW HITPOINT WARNING * * *
The polar bear claws you.
* * * LOW HITPOINT WARNING * * *
The polar bear closely misses you. The polar bear bites you!!
You die...
Your body crumbles into a pile of gold.

........#.......................
).....................#.........
.......................#........
..........##...................
.............................
...........................
..........................
................>.......
.......h....#.......#...
.......h...###.#P######.
.......(..## ##### #.
.........## ##. .......(.## #..
..........# #.. .........## ##.
.......(.# #.. .........# #..


You could see a polar bear (berserk).

Vanquished Creatures
  Prince Ribbit (D:7)
  3 blink frogs (Lair:1)
  2 wyverns (D:9)
  7 yaks
  2 basilisks
  Menkaure (D:7)
  Edmund (D:6)
  3 wargs (D:8)
  4 water moccasins
  An orc warrior (D:9)
  A black bear (D:6)
  2 ice beasts
  An ogre (D:4)
  3 phantoms
  7 bullfrogs
  A kobold brigand (D:7)
  3 scorpions
  7 wights
  7 killer bees
  3 howler monkeys
  A human zombie (D:7)
  4 centaur zombies (D:7)
  3 orc priests
  A jelly (D:4)
  A gnoll bouda (Lair:1)
  3 iguanas
  2 sleepcaps
  7 orc wizards
  3 mummies (D:7)
  12 gnolls
  2 howler monkey zombies (D:7)
  7 adders
  2 white imps
  An ufetubus (D:6)
  4 dart slugs
  A worm (D:4)
  21 orcs
  6 ball pythons
  6 bats
  9 endoplasms
  3 giant cockroaches
  12 goblins
  6 hobgoblins
  14 jackals
  4 quokkas
  3 frilled lizards
  12 kobolds
  5 rats
215 creatures vanquished.

Vanquished Creatures (others)
  A human (D:6)
1 creature vanquished.

Grand Total: 216 creatures vanquished

Notes
Turn   | Place    | Note
-------+----------+-------------------------------------------
     0 | D:1      | redmage the Octopode Shapeshifter began the quest for the
                  | Orb.
     0 | D:1      | Reached XP level 1. HP: 13/13 MP: 1/1
   107 | D:1      | Reached skill level 1 in Stealth
   107 | D:1      | Reached XP level 2. HP: 14/18 MP: 2/2
   205 | D:1      | Reached XP level 3. HP: 22/23 MP: 3/3
   945 | D:2      | Reached XP level 4. HP: 28/28 MP: 4/4
  1122 | D:2      | Identified the ring "Xasinkus" {MP+9 Str+3 Slay+2}
  1320 | D:2      | You fall into a shaft and drop 2 floors!
  1442 | D:4      | Reached XP level 5. HP: 29/33 MP: 5/5
  1450 | D:3      | Noticed a +0 dagger
  1450 | D:3      | Noticed a +0 dagger
  1450 | D:3      | Found a hide-covered altar of Uskayaw.
  1491 | D:3      | Found a hazy altar of Hepliaklqana.
  1592 | D:2      | Found a hide-covered altar of Uskayaw.
  2353 | D:4      | Noticed an ogre
  2625 | D:4      | Killed an ogre
  2626 | D:4      | Reached XP level 6. HP: 8/39 MP: 6/6
  2760 | D:4      | Found a shimmering altar of Xom.
  3070 | D:5      | Entered Level 5 of the Dungeon
  3292 | D:5      | Reached XP level 7. HP: 45/45 MP: 7/7
  3547 | D:5      | Reached skill level 5 in Unarmed Combat
  3558 | D:5      | Found a radiant altar of Vehumet.
  3581 | D:5      | Found a stormy altar of Qazlal.
  3767 | D:5      | Found an iron altar of Okawaru.
  3996 | D:6      | Reached skill level 5 in Shapeshifting
  3996 | D:6      | Reached XP level 8. HP: 42/52 MP: 8/8
  4144 | D:6      | Noticed Edmund
  4182 | D:6      | Noticed a yak
  4188 | D:6      | Killed Edmund
  4189 | D:6      | Reached skill level 5 in Dodging
  4329 | D:6      | Noticed a yak
  4329 | D:6      | Noticed a yak
  4329 | D:6      | Noticed a yak
  4329 | D:6      | Noticed a yak
  4363 | D:6      | Found a runed translucent door.
  4934 | D:6      | Noticed Kurtz's ghost (weakling NaDe)
  4965 | D:6      | Noticed a yak
  5010 | D:6      | Found an ancient bone altar of Kikubaaqudgha.
  5205 | D:7      | Reached XP level 9. HP: 57/60 MP: 9/9
  5216 | D:7      | Noticed Menkaure
  5222 | D:7      | Killed Menkaure
  5223 | D:7      | Reached skill level 5 in Fighting
  5348 | D:7      | Found a staircase to the Ecumenical Temple.
  5356 | Temple   | Entered the Ecumenical Temple
  5362 | Temple   | Became a worshipper of Gozag Ym Sagoz the Greedy
  5389 | D:7      | Found a runed translucent door.
  5390 | D:7      | Noticed Crazy Yiuf
  5514 | D:7      | Noticed Prince Ribbit
  5529 | D:7      | Killed Prince Ribbit
  5661 | D:7      | Found a basalt altar of Yredelemnul.
  5906 | D:7      | Found a glowing silver altar of Zin.
  5906 | D:7      | Noticed an angel
  5973 | D:7      | Found a white marble altar of Elyvilon.
  6198 | D:8      | Found a runed translucent gate.
  6198 | D:8      | Found a runed translucent gate.
  6198 | D:8      | Found a runed translucent gate.
  6199 | D:8      | Noticed hattop's ghost (novice FeSu)
  6655 | D:7      | Reached skill level 5 in Stealth
  6996 | D:8      | Reached XP level 10. HP: 62/68 MP: 10/10
  7072 | D:8      | Found a staircase to the Lair.
  7183 | D:8      | Found a sacrificial altar of Ru.
  7271 | D:8      | Noticed a red ugly thing
  7910 | D:9      | Found a flagged portal.
  8845 | D:9      | Found a staircase to the Orcish Mines.
  9032 | D:8      | Bought a scroll of teleportation for 45 gold pieces
  9032 | D:8      | Bought a scroll of identify for 30 gold pieces
  9032 | D:8      | Bought a scroll of identify for 30 gold pieces
  9036 | Lair:1   | Entered Level 1 of the Lair of Beasts
  9269 | Lair:1   | Noticed a cane toad
  9333 | Lair:1   | Learned a level 1 spell: Apportation
  9424 | Lair:1   | Reached skill level 1 in Translocations
  9572 | Lair:1   | Mangled by a polar bear

Illustrated notes

Levels and vault maps discovered:
D:1:      lightli_arrival_statuegarden, layout_loops_ring,
          chequers_serial_rivers_micro_b, minmay_misc_feat_rows
D:2:      layout_loops_ring, basic_altar
D:3:      layout_rooms, dancing_weapons_uskayaw, nzn_hepliaklqana_mist_gate,
          serial_bayou_crossing
D:4:      layout_gridville, xom_teletrap_fun, kennysheep_decorative_pillar,
          serial_park_tiny_2, minivault_5
D:5:      layout_cave_pools, hellmonk_okawaru_the_only_friend_you_need,
          mainiacjoe_overflow_large_starburst, nicolae_kite_square_tiling_tiny
D:6:      layout_rooms, nzn_overflow_gifts_of_might_and_magic,
          tgw_kikubaaqudgha, fedhas_ov_isle_minmay, ebering_ghost_sewer_f,
          uniq_edmund
D:7:      layout_cave_pools, lemuel_doored_altar,
          lemuel_mausoleum_altar_yredelemnul, zin_angel,
          minmay_temple_entry_grid, uniq_crazy_yiuf_cottage, uniq_menkaure,
          uniq_prince_ribbit1
D:8:      minmay_distorted_concentric_squares, layout_basic,
          mainiacjoe_overflow_six_doors_small, amcnicky_altar_gilded,
          erik_lair_orcish_takeover, gammafunk_ghost_spectres, hex_medium
D:9:      layout_loops_ring, orc_0_dummy, enter_bailey_5
Temple:   nicolae_temple_bog_church
Lair:1:   layout_hall_layers, dreamdust_gnoll_shepherd

Skill      XL: |  1  2  3  4  5  6  7  8  9 10 |
---------------+-------------------------------+-----
Stealth        | 1 2 3 5 6 |  6.0
Dodging        | 3 4 5 7 8 |  8.7
Unarmed Combat | 4 5 6 7 8 |  8.6
Shapeshifting  | 4 5 7 |  7.0
Fighting       | 2 3 4 6 7 |  7.8
Translocations | 1 |  1.7

Action                     |  1- 3 |  4- 6 |  7- 9 | 10-12 || total
---------------------------+-------+-------+-------+-------++-------
  Melee: Unarmed           |    60 |   113 |   185 |   111 ||   469
         Tentacles         |    10 |    24 |    50 |    21 ||   105
         Constrict         |    14 |    31 |    54 |    22 ||   121
         Punch             |       |     5 |    11 |    13 ||    29
  Throw: Dart              |       |     5 |    11 |    22 ||    38
         Boomerang         |       |       |     3 |     5 ||     8
 Invoke: Call Merchant     |       |       |       |     1 ||     1
Ability: Begin Untransform |       |       |     1 |       ||     1
  Evoke: Wand              |       |       |     9 |       ||     9
    Use: Scroll            |     1 |     8 |     4 |     7 ||    20
         Potion            |       |       |       |     1 ||     1
   Stab: Sleeping          |     8 |    16 |    15 |     3 ||    42
         Distracted        |       |     1 |       |       ||     1
 Armour: Skin              |    25 |    35 |    81 |    48 ||   189
  Dodge: Dodged            |    41 |    48 |    95 |    64 ||   248
   Form: Beast             |       |       |     1 |       ||     1

Table legend: (Time is in decaauts)
 A = Elapsed time spent in this place.
 B = Non-inter-level travel time spent in this place.
 C = Inter-level travel time spent in this place.
 D = Time resting spent in this place.
 E = Time spent auto-exploring this place.
 F = Levels seen in this place.
 G = Mean time per level.
                   A        B        C        D        E       F      G
               +--------+--------+--------+--------+--------+-----+--------+
         Total |   9536 |   8640 |    896 |   1241 |   5089 |  11 |  866.9 |
       Dungeon |   8994 |   8108 |    886 |   1197 |   4774 |   9 |  999.3 |
        Temple |     12 |      2 |     10 |      0 |      0 |   1 |   12.0 |
          Lair |    529 |    529 |      0 |     44 |    315 |   1 |  529.0 |
               +--------+--------+--------+--------+--------+-----+--------+

Top non-repeatable levels by time:
     D:7: 1671 daAuts
     D:9: 1662 daAuts
     D:5: 1017 daAuts
     D:6: 982 daAuts
     D:4: 959 daAuts
     D:2: 863 daAuts
     D:1: 803 daAuts
     D:3: 530 daAuts
  Lair:1: 529 daAuts
     D:8: 504 daAuts
  Temple: 12 daAuts
